 Dungeon Sprint DCSS version 0.26-a0-712-ga5a9c9c9d0 (webtiles) character file.

Game seed: 18438319921686924118

133 mhtbhm the Shield-Bearer (level 4, -4/47 HPs)
             Began as a Minotaur Fighter on Oct 31, 2020.
             Was an Initiate of Okawaru.
             Slain by a hornet (8 damage)
             ... in the Dungeon (Sprint IX: "|||||||||||||||||||||||||||||").
             The game lasted 00:00:39 (256 turns).

mhtbhm the Shield-Bearer (Minotaur Fighter)          Turns: 256, Time: 00:00:40

Health: -4/47      AC: 13    Str: 21    XL:     4   Next: 93%
Magic:  0/3        EV:  8    Int: 11    God:    Okawaru [......]
Gold:   0          SH: 11    Dex: 13    Spells: 3/3 levels left

rFire    . . .     SeeInvis .   a - +2 scimitar "Nuiharch" {flame, Int+6}
rCold    . . .     Faith    .   c - +0 kite shield
rNeg     . . .     Spirit   .   b - +0 plate armour
rPois    .         Reflect  .   (helmet restricted)
rElec    .         Harm     .   (no cloak)
rCorr    .         Rampage  .   (no gloves)
MR       .....     NoTele   +   (no boots)
Stlth    ..........             (no amulet)
HPRegen  0.15/turn              o - +2 ring of evasion
MPRegen  0.08/turn              p - +3 ring of dexterity

@: lethally poisoned (-4 -> -20), slowed, very slow
A: retaliatory headbutt, horns 2
a: Renounce Religion


You were in the Dungeon.
You worshipped Okawaru.
Okawaru was noncommittal.
You visited 1 branch

Inventory:

Hand Weapons
 a - the +2 scimitar "Nuiharch" (weapon) {flame, Int+6}
   (You found it in the Dungeon)

   It has been specially enchanted to burn those struck by it, causing extra
   injury to most foes and up to half again as much damage against particularly
   susceptible opponents.
   Big, fiery blades are also staple armaments of hydra-hunters.
   It affects your intelligence (+6).
Armour
 b - a +0 plate armour (worn)
 c - a +0 kite shield (worn)
Jewellery
 o - a +2 ring of evasion (left hand)
 p - a +3 ring of dexterity (right hand)
Wands
 n - a wand of iceblast (10)
Scrolls
 j - 2 scrolls of blinking
 l - 3 scrolls of remove curse
 m - 2 scrolls of amnesia
Potions
 d - a potion of might
 e - a potion of invisibility
 f - 3 potions of heal wounds
 g - a potion of haste
 h - 4 potions of magic
 i - a potion of berserk rage
 k - 4 potions of curing


   Skills:
 + Level 7.0 Fighting
 + Level 5.5 Long Blades
 + Level 6.7 Armour
 + Level 2.3 Dodging
 + Level 7.0 Shields


You had 3 spell levels left.
You didn't know any spells.
Your spell library was empty.

Dungeon Overview and Level Annotations

Branches:
Dungeon (1/1)

Altars:
Cheibriados
Dithmenos
Elyvilon
Fedhas
Gozag
Hepliaklqana
Kikubaaqudgha
Makhleb
Nemelex Xobeh
Okawaru
Qazlal
Ru
Sif Muna
Trog
Uskayaw
Vehumet
Wu Jian
Xom
Yredelemnul
Zin
The Shining One
Beogh
Jiyva
Lugonu


Innate Abilities, Weirdness & Mutations

You reflexively headbutt those who attack you in melee.
You have a pair of horns on your head.


Message History

You barely miss the hornet. Your headbutt misses the hornet.
The hornet is severely wounded.
You block the hornet's attack. The hornet stings you.
You are poisoned.
You feel as though you will be slow longer.
The eye of draining gazes at you. The hornet stings you!
You are lethally poisoned!
You feel as though you will be slow longer.
Unknown command.
You hit the hornet but do no damage. Your headbutt misses the hornet.
The hornet is severely wounded.
* * * LOW HITPOINT WARNING * * *
You feel very sick. The hornet stings you!
* * * LOW HITPOINT WARNING * * *
You feel as though you will be slow longer.
The hornet stings you but does no damage.
The hornet stings you!
You die...

▓+▓
▓.▓
▓G▓
▓Z▓
▓s▓
▓c▓
▓y▓
▓@▓
▓.▓
▓.▓
▓[▓
▓[▓
▓[▓
▓.▓
▓)▓
▓.▓


You could see an eye of draining, a hornet, a centaur, a scorpion and a quokka
zombie.

Vanquished Creatures
  A water moccasin (D)
  An adder (D)
  A white imp (D)
  A leopard gecko (D)
  A bat (D)
  A bat zombie (D)
  A goblin (D)
  A hobgoblin (D)
  A quokka (D)
  A frilled lizard (D)
  A kobold (D)
11 creatures vanquished.

Notes
Turn   | Place    | Note
-------+----------+-------------------------------------------
     0 | D        | mhtbhm the Minotaur Fighter began the quest for the Orb.
     0 | D        | Reached XP level 1. HP: 19/19 MP: 0/0
    94 | D        | Noticed a water moccasin
   103 | D        | Reached XP level 2. HP: 26/28 MP: 1/1
   106 | D        | Reached skill level 5 in Fighting
   112 | D        | Killed a water moccasin
   112 | D        | Reached skill level 5 in Long Blades
   112 | D        | Reached XP level 3. HP: 25/38 MP: 2/2
   112 | D        | Reached XP level 4. HP: 30/45 MP: 3/3
   125 | D        | Found a roughly hewn altar of Beogh.
   125 | D        | Found a snail-covered altar of Cheibriados.
   125 | D        | Found a shadowy altar of Dithmenos.
   125 | D        | Found a white marble altar of Elyvilon.
   125 | D        | Found a blossoming altar of Fedhas.
   125 | D        | Found an opulent altar of Gozag.
   126 | D        | Found a hazy altar of Hepliaklqana.
   127 | D        | Found a viscous altar of Jiyva.
   128 | D        | Found an ancient bone altar of Kikubaaqudgha.
   129 | D        | Found a corrupted altar of Lugonu.
   130 | D        | Found a burning altar of Makhleb.
   131 | D        | Found a sparkling altar of Nemelex Xobeh.
   132 | D        | Found an iron altar of Okawaru.
   133 | D        | Found a stormy altar of Qazlal.
   134 | D        | Found a sacrificial altar of Ru.
   135 | D        | Found a shimmering blue altar of Sif Muna.
   136 | D        | Found a bloodstained altar of Trog.
   137 | D        | Found a hide-covered altar of Uskayaw.
   138 | D        | Found a radiant altar of Vehumet.
   139 | D        | Found an ornate altar of the Wu Jian Council.
   140 | D        | Became a worshipper of Warmaster Okawaru
   141 | D        | Found a shimmering altar of Xom.
   142 | D        | Found a basalt altar of Yredelemnul.
   143 | D        | Found a glowing silver altar of Zin.
   144 | D        | Found a glowing golden altar of the Shining One.
   235 | D        | Got the +2 scimitar "Nuiharch" {flame, Int+6}
   247 | D        | Noticed an eye of draining
   247 | D        | Noticed a centaur
   247 | D        | Noticed a hornet
   252 | D        | Paralysed by a hornet for 2 turns
   256 | D        | Slain by a hornet

Illustrated notes

Levels and vault maps discovered:
D:        linesprint [early_d, line_temple, items_1, d_10, items_2, lair_1,
          lair_end, items_3, orc_1, orc_end, items_4, d_15, swamp_1, shoals_1,
          snake_1, spider_1, d_20, vaults_1, items_5, swamp_end, shoals_end,
          snake_end, spider_end, vaults_end, d_27, items_6, zot_1, zot_end,
          crypt_end, forest_end, elf_end, slime_end, tomb_end, abyss_end,
          pan_hell_end]

Skill      XL: |  1  2  3  4 |
---------------+-------------+-----
Fighting       | 4 6 7 |  7.0
Armour         | 4 6 |  6.7
Shields        | 4 6 7 |  7.0
Long Blades    | 3 5 |  5.5
Dodging        | 2 |  2.3

Action                   |  1- 3 |  4- 6 || total
-------------------------+-------+-------++-------
Melee: Long sword        |    28 |     6 ||    34
       Headbutt          |     6 |       ||     6
       Scimitar          |       |     7 ||     7
  Use: Potion            |     1 |       ||     1
Armor: Scale mail        |    16 |     3 ||    19
       Plate armour      |       |     4 ||     4
Dodge: Dodged            |     5 |     3 ||     8
Block: Kite shield       |    11 |     6 ||    17
       Rpst.: Long sword |     2 |     1 ||     3

Table legend: (Time is in decaauts)
 A = Elapsed time spent in this place.
 B = Non-inter-level travel time spent in this place.
 C = Inter-level travel time spent in this place.
 D = Time resting spent in this place.
 E = Time spent auto-exploring this place.
 F = Levels seen in this place.
 G = Mean time per level.
                   A        B        C        D        E       F      G
               +--------+--------+--------+--------+--------+-----+--------+
         Total |    266 |    266 |      0 |    127 |      3 |   1 |  266.0 |
       Dungeon |    266 |    266 |      0 |    127 |      3 |   1 |  266.0 |
               +--------+--------+--------+--------+--------+-----+--------+

Top non-repeatable levels by time:
       D: 266 daAuts
